 Dungeon Crawl Stone Soup version 0.31-a0-278-g485e682e34 (webtiles) character file.

Game seed: 2409119112872049469

71425 MacCMillion the Metamorph (level 14, -2/171 HPs)
             Began as a Troll Shapeshifter on July 16, 2023.
             Was the Champion of Okawaru.
             Slain by Donald
             ... wielding a +5 scimitar of protection
              (42 damage)
             ... on level 1 of the Orcish Mines.
             The game lasted 00:49:50 (18954 turns).

MacCMillion the Metamorph (Troll Shapeshifter)     Turns: 18954, Time: 00:49:51

Health: -2/171     AC: 11    Str: 35    XL:     14   Next: 97%
Magic:  19/19      EV: 16    Int:  4    God:    Okawaru [******]
Gold:   1617       SH:  0    Dex: 10    Spells: 13/13 levels left

rFire   . .          .
                       - Unarmed
rCold   . . .        (shield currently unavailable)
rNeg    . . .        X - melded +0 swamp dragon scales
rPois   .            (helmet currently unavailable)
rElec   .            (cloak currently unavailable)
rCorr   .            (gloves unavailable)
SInv    .            (boots unavailable)
Will    ++...        (no amulet)
Stlth   +            g - ring of willpower
HPRegen 1.28/turn    l - +5 ring of evasion
MPRegen 0.16/turn

%: no passive effects
@: about to teleport, snake-form, studying Evocations
A: constrict, boosted hp, large, unfitting armour, (claws 3), regeneration 1,
(shaggy fur 1), (tough skin 1)
a: Begin Untransformation, Renounce Religion, Heroism, Finesse, Duel


You were on level 1 of the Orcish Mines.
You worshipped Okawaru.
Okawaru was exalted by your worship.
You were an enormous anaconda.
You visited 4 branches of the dungeon, and saw 20 of its levels.
You also visited: Sewer and Gauntlet.

You collected 1669 gold pieces.
You spent 52 gold pieces at shops.

Inventory:

Missiles
 h - 5 curare-tipped darts
 v - 5 silver javelins
 y - 5 javelins
 A - 20 poisoned darts
 S - 12 large rocks
 T - a throwing net
 W - 8 boomerangs
 Y - 3 silver boomerangs
Armour
 a - a scarf of repulsion
 R - a +2 hat
 X - +0 swamp dragon scales (melded)
Jewellery
 g - a ring of willpower (left hand)
 l - a +5 ring of evasion (right hand)
 q - a ring of protection from cold
 x - a ring of see invisible
 E - a ring of protection from fire
 J - a +4 ring of protection
 K - a +6 ring of strength
 O - the amulet "Yrostril" {Reflect Harm Will+ Int+3 SH+5}
   (You found it in a Gauntlet)

   [amulet of reflection]

   It reflects blocked missile attacks.
   Int:       It affects your intelligence (+3).
   SH:        It affects your SH (+5).
   Harm:      It increases damage dealt and taken.
   Will:      It increases your willpower.
 P - an amulet of the acrobat
 Z - a ring of protection from fire
Talismans
 c - a beast talisman
 s - a serpent talisman
Wands
 w - a wand of paralysis (17)
 F - a wand of iceblast (18)
 G - a wand of flame (20)
 V - a wand of polymorph (3)
Scrolls
 e - 5 scrolls of enchant armour
 f - 3 scrolls of torment
 j - 3 scrolls of noise
 m - 9 scrolls of teleportation
 p - 3 scrolls of poison
 t - 4 scrolls of blinking
 u - 4 scrolls of enchant weapon
 B - 2 scrolls of fog
 C - a scroll of silence
 D - 3 scrolls of brand weapon
 I - 2 scrolls of immolation
 L - 2 scrolls of amnesia
 N - 3 scrolls of fear
Potions
 b - 3 potions of lignification
 d - 6 potions of haste
 i - 6 potions of curing
 k - a potion of heal wounds
 n - 2 potions of mutation
 o - 4 potions of brilliance
 r - 5 potions of ambrosia
 z - 3 potions of enlightenment
 M - a potion of attraction {unknown}
 Q - 5 potions of might
 U - a potion of magic {unknown}


   Skills:
 + Level 10.0 Fighting
 - Level 6.0 Dodging
 + Level 13.1 Unarmed Combat
 - Level 8.0 Invocations
 - Level 3.0 Evocations
 - Level 15.0 Shapeshifting


You had 13 spell levels left.
You didn't know any spells.
Your spell library contained the following spells:

 Spells                   Type           Power      Damage    Failure   Level
 Freeze                   Ice            0%         1d3       50%         1
 Kiss of Death            Conj/Necr      0%         2d5       50%         1
 Magic Dart               Conj           0%         1d3       50%         1
 Blink                    Tloc           0%         N/A       65%         2
 Searing Ray              Conj           0%         2d4       65%         2
 Wereblood                Tmut           0%         N/A       65%         2
 Confusing Touch          Hex            0%         N/A       86%         3
 Frozen Ramparts          Ice            0%         1d1       86%         3
 Hailstorm                Conj/Ice       0%         3d3       86%         3
 Ignite Poison            Fire/Tmut/Pois 0%         N/A       86%         3
 Ozocubu's Armour         Ice            0%         N/A       86%         3
 Dispel Undead            Necr           0%         3d6       99%         4
 Fulminant Prism          Conj/Hex       0%         3d5       99%         4
 Manifold Assault         Tloc           0%         N/A       99%         4
 Passage of Golubria      Tloc           0%         N/A       99%         4
 Sticky Flame             Conj/Fire      0%         2d3       99%         4
 Irradiate                Conj/Tmut      0%         3d11      100%        5
 Yara's Violent Unravell  Hex/Tmut       0%         3d3       100%        5
 Ozocubu's Refrigeration  Ice            0%         4d7       100%        7
 Ignition                 Fire           0%         3d3       100%        8
 Tukima's Dance           Hex            Unusable   N/A       N/A         3

Dungeon Overview and Level Annotations

Branches:
Dungeon (12/15)            Temple (1/1) D:6            Lair (5/5) D:10
  Swamp (0/4) Lair:3       Spider (0/4) Lair:2        Slime (0/5) Lair:4
    Orc (2/2) D:11            Elf (0/3) Orc:2         Sewer (visited)
Gauntlet (visited)

Altars:
Ashenzari
Cheibriados
Dithmenos
Elyvilon
Fedhas
Gozag
Hepliaklqana
Kikubaaqudgha
Makhleb
Nemelex Xobeh
Okawaru
Qazlal
Ru
Sif Muna
Trog
Uskayaw
Vehumet
Wu Jian
Xom
Yredelemnul
Zin
The Shining One
Jiyva

Shops:
D:11 *

Annotations:
D:8 Maggie
Orc:1 Donald
Orc:2 3 runed translucent doors, crabbyslav's ghost, journeyman MiCK


Innate Abilities, Weirdness & Mutations

You are an enormous anaconda.
You have a powerful constriction melee attack.
Your maximum health is increased.
Your armour is entirely melded.
You are incapable of wielding weapons or throwing items.
You are too large for most types of armour.
((You have claws for hands.))
Your natural rate of healing is unusually fast.
((You are covered in fur. (AC +1)))
((You have tough skin. (AC +1)))


Message History

Donald says, "The Vaults look kind of boring."
Donald gestures wildly while chanting.
Donald seems to speed up.
Donald shakes his head.
Donald says, "These orcs are so stupid, they must've eaten the rune."
Donald says, "I asked for directions to the rune, but they belched at me."
Donald casts a spell.
Donald seems to grow stronger.
Donald says, "This is such a pointless quest."
Items here: $ ( )) ††.
Things that are here:
a +0 club; a +0 chain mail Donald attacks as you move away!
Donald hits you with a +5 scimitar of protection!!
Donald says, "My hands hurt, too."
Donald says, "How much finesse does it take to swing your arms real fast, anyway?"
Donald hits you with a +5 scimitar of protection.
There is a stone staircase leading up, spattered with blood here.
Donald completely misses you.
Donald hits you with a +5 scimitar of protection!!!
You climb upwards.
There is a stone staircase leading down here.
You hit Donald but do no damage. Your grab misses Donald.
Donald hits you with a +5 scimitar of protection!!
You hit Donald but do no damage. Your grab misses Donald.
Donald hits you with a +5 scimitar of protection!!
* * * LOW HITPOINT WARNING * * *
As you read the scroll labelled JUICEM XARGHOEG, it crumbles to dust.
You feel strangely unstable.
It was a scroll of teleportation.
Donald closely misses you. Donald blocks your attack.
You grab Donald. You constrict Donald.
Donald hits you with a +5 scimitar of protection!!
* * * LOW HITPOINT WARNING * * *
Donald hits you with a +5 scimitar of protection!
* * * LOW HITPOINT WARNING * * *
You feel much better.
You constrict Donald, but do no damage. Donald completely misses you.
You release your grip on Donald.
Donald attacks as you move away!
Donald hits you with a +5 scimitar of protection!!!
You die...

..##.#................#
###.......#..........##
###...........#.....##
.#..............#....#
..#.....#...#........##
.###..................###
..###^...............#..##
.###......#..............#
##.##.##........S........#
.....##........@.........#
......##...#.....#......##
.....###...............##
...####................#
.### #................##
## #####..#.##..........#
##.###...#........##.##
#..................###


You could see Donald (fast, strong, reflecting).

Vanquished Creatures
  Jorgrun (Orc:2)
  An iron dragon (Orc:1)
  A minotaur (Gauntlet)
  5 hydras
  Erica (Lair:2)
  4 catoblepae
  2 centaur warriors (D:10)
  2 two-headed ogres
  2 boulder beetles
  A death knight (D:11)
  14 death yaks
  4 skysharks
  A bog body (Lair:3)
  2 glowing orange brains (Gauntlet)
  An orc knight (Orc:1)
  Pikel (D:4)
  2 oklob plants
  3 ugly things
  3 cyclopes
  9 elephants
  5 black mambas
  3 gargoyles
  10 cane toads
  An unseen horror (Orc:1)
  A freezing wraith (D:11)
  A kobold demonologist (D:9)
  4 komodo dragons
  2 rime drakes
  9 trolls
  5 polar bears
  8 hornets
  12 blink frogs
  9 dream sheep
  2 slime creatures (Lair:4)
  16 spriggans (Lair:5)
  5 wraiths
  4 shadows (D:11)
  43 yaks
  3 wyverns
  2 basilisks (Lair:3)
  4 steam dragons
  2 redbacks (Lair:2)
  5 wargs
  12 water moccasins
  Duvessa (D:6)
  Edmund (D:4)
  2 acid dragons
  A floating eye (shapeshifter) (D:11)
  11 orc warriors
  2 sky beasts
  7 black bears
  29 wolves
  3 boggarts (Lair:5)
  8 ogres
  7 centaurs
  A phantom (D:5)
  2 lemures (D:4)
  6 small abominations (Gauntlet)
  2 kobold brigands
  12 bullfrogs
  A scorpion (D:5)
  A gnoll sergeant (D:9)
  11 wights
  Dowan (D:6)
  A killer bee (D:9)
  3 electric eels (Lair:3)
  4 howler monkeys
  A lava snake (Lair:3)
  2 jellies (Lair:4)
  A gnoll bouda (D:9)
  A sleepcap (D:5)
  16 orc priests
  3 hounds
  2 iguanas
  Natasha (thrice) (D:4)
  15 orc wizards
  7 adders
  13 gnolls
  2 shadow imps
  2 white imps (D:7)
  3 ufetubi
  A worm (D:4)
  2 dart slugs
  57 orcs
  7 endoplasms
  5 giant cockroaches
  5 hobgoblins
  2 jackals (D:5)
  3 quokkas
  5 ball pythons
  8 bats
  8 frilled lizards
  9 goblins
  16 kobolds
  8 rats
  A butterfly (Lair:1)
553 creatures vanquished.

Vanquished Creatures (others)
  An orc (Orc:2)
1 creature vanquished.

Grand Total: 554 creatures vanquished

Notes
Turn   | Place    | Note
-------+----------+-------------------------------------------
     0 | D:1      | MacCMillion the Troll Shapeshifter began the quest for the
                  | Orb.
     0 | D:1      | Reached XP level 1. HP: 19/19 MP: 0/0
   117 | D:1      | Reached XP level 2. HP: 22/27 MP: 1/1
   700 | D:2      | Reached XP level 3. HP: 33/33 MP: 2/2
   939 | D:2      | Identified the +4 long sword of Nablaipa {venom, rElec rN++
                  | Str-4 Int+4}
  1338 | D:2      | Reached XP level 4. HP: 41/41 MP: 3/3
  1536 | D:3      | Noticed a centaur
  1544 | D:3      | Killed a centaur
  1545 | D:3      | Reached skill level 5 in Unarmed Combat
  1545 | D:3      | Reached XP level 5. HP: 38/48 MP: 4/4
  1849 | D:3      | Found a shimmering blue altar of Sif Muna.
  2328 | D:4      | Noticed an ogre
  2335 | D:4      | Killed an ogre
  2336 | D:4      | Reached XP level 6. HP: 55/55 MP: 5/5
  2397 | D:4      | Found a glowing drain.
  2413 | Sewer    | Entered a sewer
  2432 | Sewer    | Noticed a water moccasin
  2438 | Sewer    | Killed a water moccasin
  2519 | D:4      | Noticed Pikel
  2529 | D:4      | Killed Pikel
  2530 | D:4      | Reached XP level 7. HP: 51/62 MP: 6/6
  2713 | D:4      | Noticed Edmund
  2721 | D:4      | Killed Edmund
  2796 | D:4      | Reached XP level 8. HP: 70/70 MP: 7/7
  2860 | D:4      | Noticed Natasha
  2865 | D:4      | Killed Natasha
  3038 | D:5      | Entered Level 5 of the Dungeon
  3050 | D:5      | Reached skill level 10 in Unarmed Combat
  3230 | D:5      | Reached skill level 4 in Shapeshifting
  4030 | D:4      | Noticed Natasha
  4034 | D:4      | Killed Natasha
  4035 | D:4      | Reached skill level 5 in Shapeshifting
  4519 | D:4      | Noticed Natasha
  4526 | D:4      | Killed Natasha
  5205 | D:6      | Reached skill level 6 in Shapeshifting
  5242 | D:6      | Noticed Dowan
  5242 | D:6      | Noticed Duvessa
  5273 | D:6      | Killed Duvessa
  5296 | D:6      | Killed Dowan
  5297 | D:6      | Reached XP level 9. HP: 71/76 MP: 8/8
  5306 | D:6      | Found a staircase to the Ecumenical Temple.
  5315 | Temple   | Entered the Ecumenical Temple
  5335 | Temple   | Became a worshipper of Warmaster Okawaru
  5469 | D:6      | Identified the +1 rapier "Killer Klown's Doom" {heavy,
                  | Str+5}
  5666 | D:6      | Found a blossoming altar of Fedhas.
  5928 | D:7      | Reached skill level 7 in Shapeshifting
  6184 | D:7      | Reached * piety under Okawaru
  6457 | D:8      | Noticed a boulder beetle
  6473 | D:8      | Killed a boulder beetle
  6474 | D:8      | Reached skill level 8 in Shapeshifting
  6621 | D:8      | Found a burning altar of Makhleb.
  6621 | D:8      | Noticed Maggie
  6673 | D:8      | Reached ** piety under Okawaru
  6674 | D:8      | Reached skill level 9 in Shapeshifting
  6725 | D:8      | Found an ancient bone altar of Kikubaaqudgha.
  6762 | D:8      | Reached XP level 10. HP: 88/88 MP: 9/9
  7026 | D:9      | Reached *** piety under Okawaru
  7102 | D:9      | Reached skill level 1 in Invocations
  7111 | D:9      | Noticed a two-headed ogre
  7151 | D:9      | Killed a two-headed ogre
  7306 | D:9      | Reached **** piety under Okawaru
  7489 | D:9      | Reached skill level 10 in Shapeshifting
  7553 | D:9      | Paralysed by a gnoll bouda for 3 turns
  7583 | D:9      | Identified the +3 ring mail "Arruho" {-Cast rElec Regen+}
  7660 | D:9      | Reached skill level 5 in Fighting
  7944 | D:10     | Entered Level 10 of the Dungeon
  7990 | D:10     | Noticed a centaur warrior
  7996 | D:10     | Killed a centaur warrior
  7996 | D:10     | Reached ***** piety under Okawaru
  7997 | D:10     | Reached XP level 11. HP: 98/104 MP: 13/13
  8164 | D:10     | Noticed an oklob plant
  8183 | D:10     | Found a staircase to the Lair.
  8375 | D:10     | Noticed a centaur warrior
  8382 | D:10     | Killed a centaur warrior
  8382 | D:10     | Received a gift from Okawaru
  8567 | D:10     | Killed an oklob plant
  8623 | Lair:1   | Entered Level 1 of the Lair of Beasts
  8665 | Lair:1   | Noticed a death yak
  8666 | Lair:1   | Noticed a death yak
  8694 | D:10     | Killed a death yak
  8695 | D:10     | Reached skill level 11 in Shapeshifting
  9325 | Lair:1   | Noticed a death yak
  9340 | Lair:1   | Killed a death yak
  9347 | Lair:1   | Noticed a death yak
  9349 | Lair:1   | Noticed a death yak
  9356 | Lair:1   | Killed a death yak
  9361 | Lair:1   | Killed a death yak
  9365 | Lair:1   | Killed a death yak
  9366 | Lair:1   | Reached XP level 12. HP: 111/120 MP: 14/14
  9374 | Lair:1   | Reached skill level 12 in Shapeshifting
  9766 | Lair:2   | Received a gift from Okawaru
 10094 | Lair:2   | Noticed Erica
 10101 | Lair:2   | Killed Erica
 10325 | Lair:2   | Found a hole to the Spider Nest.
 11330 | Lair:3   | Noticed a death yak
 11353 | Lair:3   | Killed a death yak
 11353 | Lair:3   | Received a gift from Okawaru
 11520 | Lair:3   | Reached skill level 13 in Shapeshifting
 11573 | Lair:3   | Noticed a catoblepas
 11582 | Lair:3   | Killed a catoblepas
 11658 | Lair:3   | Noticed a death yak
 11658 | Lair:3   | Noticed a death yak
 11678 | Lair:3   | Killed a death yak
 11679 | Lair:3   | Reached skill level 10 in Fighting
 11681 | Lair:3   | Killed a death yak
 11740 | Lair:3   | Noticed a death yak
 11742 | Lair:3   | Noticed a death yak
 11764 | Lair:3   | Killed a death yak
 11764 | Lair:3   | Reached ****** piety under Okawaru
 11769 | Lair:3   | Killed a death yak
 11774 | Lair:3   | Reached XP level 13. HP: 132/133 MP: 15/15
 12004 | Lair:3   | Reached skill level 5 in Invocations
 12030 | Lair:3   | Found a staircase to the Swamp.
 13208 | Lair:4   | Reached skill level 14 in Shapeshifting
 13225 | Lair:4   | Found a staircase to the Slime Pits.
 13226 | Lair:4   | Found a viscous altar of Jiyva.
 13488 | Lair:4   | Received a gift from Okawaru
 14158 | Lair:5   | Entered Level 5 of the Lair of Beasts
 14230 | Lair:5   | Reached skill level 5 in Dodging
 14345 | Lair:5   | Identified the +1 robe of Zuaj {rF+} (Okawaru gifted it to
                  | you on level 5 of the Lair of Beasts)
 14345 | Lair:5   | Received a gift from Okawaru
 14368 | Lair:5   | Reached XP level 14. HP: 128/143 MP: 18/18
 15829 | D:11     | Identified 2 scrolls of acquirement
 15830 | D:11     | Acquired a manual of Evocations
 15831 | D:11     | Acquired a ring of protection from cold
 15857 | D:11     | You fall into a shaft and drop 1 floor!
 15995 | D:11     | Reached skill level 1 in Evocations
 15996 | D:11     | Found a gate leading to a gauntlet.
 16001 | Gauntlet | Entered a Gauntlet
 16001 | Gauntlet | Found a transporter.
 16001 | Gauntlet | Found a transporter.
 16013 | Gauntlet | Found a transporter.
 16031 | Gauntlet | Found a transporter.
 16031 | Gauntlet | Found a transporter.
 16031 | Gauntlet | Found a transporter.
 16033 | Gauntlet | Found a transporter.
 16033 | Gauntlet | Found a transporter.
 16043 | Gauntlet | Found a runed translucent gate.
 16043 | Gauntlet | Found a runed translucent gate.
 16043 | Gauntlet | Found a runed translucent gate.
 16045 | Gauntlet | Found a transporter.
 16061 | Gauntlet | Found a transporter.
 16071 | Gauntlet | Found a transporter.
 16088 | Gauntlet | Found a transporter.
 16105 | Gauntlet | Found a transporter.
 16118 | Gauntlet | Found a transporter.
 16288 | Gauntlet | Paralysed by a hornet for 1 turns
 16367 | Gauntlet | Reached skill level 15 in Shapeshifting
 16370 | Gauntlet | Received a gift from Okawaru
 16403 | Gauntlet | Identified the amulet "Yrostril" {Reflect Harm Will+ Int+3
                  | SH+5}
 16406 | Gauntlet | Identified the +10 hand axe "Impslayer" {freeze, rPois
                  | Stlth+}
 16630 | D:11     | Found Yntay's General Store.
 16633 | D:11     | Bought a potion of might for 52 gold pieces
 17278 | D:11     | Found a staircase to the Orcish Mines.
 17425 | Orc:1    | Entered Level 1 of the Orcish Mines
 17672 | Orc:1    | Noticed Sonja
 17673 | Orc:1    | Sonja changed into something unseen
 17675 | Orc:1    | Noticed Sonja
 17678 | Orc:1    | Killed Sonja the unseen horror
 17923 | Orc:2    | Entered Level 2 of the Orcish Mines
 17923 | Orc:2    | Found a runed translucent gate.
 17923 | Orc:2    | Found a runed translucent gate.
 17923 | Orc:2    | Found a runed translucent gate.
 17944 | Orc:2    | Noticed Saint Roka
 17948 | Orc:2    | Noticed Jorgrun
 18377 | Orc:2    | Found a staircase to the Elven Halls.
 18382 | Orc:2    | Killed Jorgrun
 18620 | Orc:2    | Saint Roka changed into Saint Roka the iron dragon
 18620 | Orc:2    | Noticed Saint Roka
 18624 | Orc:2    | Noticed crabbyslav's ghost (journeyman MiCK)
 18635 | Orc:1    | Killed Saint Roka the iron dragon
 18817 | Orc:2    | Noticed Donald
 18954 | Orc:1    | Slain by Donald

Illustrated notes

Levels and vault maps discovered:
D:1:      minmay_arrival_five_plusses, layout_loops_ring,
          minmay_misc_feat_enclosed, nrook_mini_backslash,
          minmay_small_reverse_x
D:2:      layout_loops_ring
D:3:      layout_loops_corners, nicolae_sif_muna_little_library
D:4:      layout_basic, gup_sewer_entry_pipe, uniq_pikel, uniq_edmund,
          uniq_natasha
D:5:      layout_loops_corners
D:6:      nicolae_cairo_tiling_large_dashed, layout_rooms, fedhas_altar_4,
          minmay_temple_entry_trees, serial_aquarium, aquarium_bridge_square
          [aquarium_subvault_wall, aquarium_subvault_bridge,
          aquarium_subvault_bridge, aquarium_subvault_bridge],
          aquarium_bridge_square [aquarium_subvault_bridge,
          aquarium_subvault_balcony, aquarium_subvault_bridge,
          aquarium_subvault_bridge], aquarium_window_2,
          aquarium_window_corridor_1, aquarium_window_fake, aquarium_view_2e,
          aquarium_view_2c, aquarium_balcony_1b, aquarium_pool_S, uniq_duvessa
D:7:      layout_basic
D:8:      layout_rooms, mainiacjoe_overflow_small_starburst,
          mainiacjoe_overflow_chevrons, uniq_maggie
D:9:      layout_irregular_city, minmay_quadrilaterals
D:10:     layout_basic, dpeg_oklobed_lair
D:11:     nicolae_hexawheel, layout_irregular_city, orc_0_dummy, serial_shops,
          shop, gauntlet_entry_generic
D:12:     layout_roguey, serial_shops, shop, uniq_gastronok
Temple:   nicolae_temple_no_exploring_needed
Lair:1:   layout_chaotic_city, lemuel_fruit_fields, infiniplex_staircase_pool_2,
          grunt_megastairs_4
Lair:2:   layout_layer_cave, spider_nest_entry_webs, infiniplex_staircase_pool,
          lemuel_fruit_tree, uniq_erica
Lair:3:   layout_gridlike, nicolae_swamp_entry_splash_gauntlet
Lair:4:   layout_regular_city, minmay_slime_entry_pillars,
          nicolae_lair_yak_garden
Lair:5:   minmay_lair_end_enchanted_forest, layout_long_grid,
          chequers_serial_rivers_large_b
Orc:1:    layout_caves, uniq_sonja
Orc:2:    kennysheep_orc_mage_school, layout_caves, gammafunk_ghost_necromancy,
          nicolae_orc_flooded_monolith, uniq_donald, uniq_jorgrun,
          uniq_saint_roka, uniq_maurice

Skill      XL: |  1  2  3  4  5  6  7  8  9 10 11 12 13 14 |
---------------+-------------------------------------------+-----
Unarmed Combat | 3 4 5 6 8 9 10 13 | 13.1
Shapeshifting  | 6 9 10 11 13 14 15 | 15.0
Fighting       | 2 5 8 10 | 10.0
Invocations    | 4 7 8 |  8.0
Dodging        | 5 6 |  6.0
Evocations     | 3 |  3.0

Action                     |  1- 3 |  4- 6 |  7- 9 | 10-12 | 13-15 || total
---------------------------+-------+-------+-------+-------+-------++-------
  Melee: Unarmed           |    84 |    75 |   191 |   328 |   691 ||  1369
         Punch             |     1 |     2 |     6 |       |     1 ||    10
         Constrict         |       |       |     7 |    80 |   126 ||   213
 Invoke: Heroism           |       |       |       |       |     1 ||     1
         Finesse           |       |       |       |       |     1 ||     1
Ability: Begin Untransform |       |       |       |       |     1 ||     1
  Evoke: Wand              |       |       |     2 |     2 |    10 ||    14
    Use: Scroll            |       |       |       |    10 |    15 ||    25
         Potion            |       |       |       |       |     1 ||     1
   Stab: Sleeping          |     2 |       |     1 |       |       ||     3
         Paralysed         |       |       |     3 |       |       ||     3
         Distracted        |       |       |       |     1 |       ||     1
         Petrified         |       |       |       |       |     3 ||     3
 Armour: Animal skin       |    18 |    17 |    24 |       |       ||    59
         Skin              |       |       |    14 |    64 |   170 ||   248
         Swamp dragon scal |       |       |       |       |     1 ||     1
  Dodge: Dodged            |    27 |    20 |   100 |   150 |   449 ||   746
   Form: Anaconda          |       |       |     1 |       |     1 ||     2

Table legend: (Time is in decaauts)
 A = Elapsed time spent in this place.
 B = Non-inter-level travel time spent in this place.
 C = Inter-level travel time spent in this place.
 D = Time resting spent in this place.
 E = Time spent auto-exploring this place.
 F = Levels seen in this place.
 G = Mean time per level.
                   A        B        C        D        E       F      G
               +--------+--------+--------+--------+--------+-----+--------+
         Total |  18726 |  17764 |    962 |   3614 |  10108 |  22 |  851.2 |
       Dungeon |   9658 |   9051 |    607 |    959 |   6269 |  12 |  804.8 |
        Temple |     27 |     27 |      0 |      0 |      0 |   1 |   27.0 |
          Lair |   7029 |   6741 |    288 |   1962 |   3268 |   5 | 1405.8 |
  Orcish Mines |   1442 |   1376 |     66 |    573 |    400 |   2 |  721.0 |
         Sewer |     87 |     87 |      0 |      7 |     44 |   1 |   87.0 |
      Gauntlet |    482 |    482 |      0 |    113 |    127 |   1 |  482.0 |
               +--------+--------+--------+--------+--------+-----+--------+

Top non-repeatable levels by time:
  Lair:3: 1745 daAuts
  Lair:5: 1504 daAuts
  Lair:4: 1434 daAuts
     D:4: 1225 daAuts
  Lair:2: 1189 daAuts
    D:11: 1163 daAuts
  Lair:1: 1155 daAuts
     D:5: 1022 daAuts
     D:6: 976 daAuts
     D:9: 969 daAuts
   Orc:1: 956 daAuts
     D:3: 916 daAuts
     D:2: 851 daAuts
     D:1: 706 daAuts
    D:10: 691 daAuts
